 Dungeon Crawl Stone Soup version 0.18.1-6-gd335043 (webtiles) character file.

3171 Kenran the Grappler (level 9, -1/89 HPs)
             Began as a Troll Monk on May 18, 2016.
             Slain by a centaur (7 damage)
             ... on level 9 of the Dungeon.
             The game lasted 00:14:59 (5202 turns).

Kenran the Grappler (Troll Monk)                    Turns: 5202, Time: 00:15:00

Health: -1/89      AC:  6    Str: 21    XL:     9   Next: 63%
Magic:  8/8        EV: 10    Int:  6    God:
Gold:   411        SH:  0    Dex: 15    Spells: 0 memorised, 8 levels left

rFire  . . .     SeeInvis .       - Unarmed
rCold  . . .     Gourm    +     a - +1 robe
rNeg   . . .     Faith    .     (no shield)
rPois  .         Spirit   .     (helmet restricted)
rElec  .         Dismiss  .     (no cloak)
rCorr  .         Reflect  .     (gloves unavailable)
SustAt .         Harm     .     (boots unavailable)
MR     .....                    (no amulet)
Stlth  ++........               (no ring)
                                (no ring)

@: not resistant to hostile enchantments, unstealthy
A: unfitting armour, claws 3, fast metabolism 3, gourmand, regeneration 2,
shaggy fur 1, tough skin 2
a: no special abilities


You were on level 9 of the Dungeon.
You were very full.

You visited 1 branch of the dungeon, and saw 8 of its levels.

You collected 411 gold pieces.

Inventory:

Armour
 a - a +1 robe (worn)
Jewellery
 w - an uncursed ring of protection from magic {unknown}
Wands
 g - a wand of lightning (9/15)
 m - a wand of polymorph (11/24)
 q - a wand of flame (44/48)
Scrolls
 c - 4 scrolls of identify
 d - 6 scrolls of remove curse
 f - a scroll of enchant weapon
 l - a scroll of fear
 p - 3 scrolls of magic mapping
 x - a scroll of recharging
 A - a scroll of fog
 B - a scroll of random uselessness {unknown}
 D - a scroll of teleportation
 E - a scroll of enchant armour
Potions
 e - 2 potions of curing
 h - 3 potions of cure mutation {unknown}
 i - a potion of flight {unknown}
 k - 2 potions of degeneration {unknown}
 n - 2 potions of agility {unknown}
 o - 2 potions of lignification {unknown}
 r - a potion of heal wounds {unknown}
 s - a potion of ambrosia {unknown}
 t - a potion of haste {unknown}
 u - 2 potions of mutation {unknown}
 z - a potion of invisibility {unknown}
Books
 y - a book of the Warp

   Spells                             Type                      Level
   a - Recall                         Summoning/Translocation      3
   b - Gell's Gravitas                Hexes/Translocation          3
   c - Force Lance                    Conjuration/Translocation    4
   d - Warp Weapon                    Charms/Translocation         5
   e - Summon Forest                  Summoning/Translocation      5
Comestibles
 b - 4 bread rations
 j - a beef jerky
 v - 6 fruits
 F - 10 royal jellies


   Skills:
 - Level 6.2 Fighting
 - Level 2.4 Dodging
 - Level 1.1 Stealth
 + Level 12.1 Unarmed Combat


You had 8 spell levels left.
You didn't know any spells.

Dungeon Overview and Level Annotations

Branches:
Dungeon (9/15)
 Temple: D:4-7         Lair: D:8-11         Orc: D:9-12

Altars:
Elyvilon
Fedhas
Kikubaaqudgha
Pakellas
Ru
Xom
The Shining One

Shops:
D:4 *


Innate Abilities, Weirdness & Mutations

You are too large for most types of armour.
You have claws for hands.
Your metabolism is lightning-fast.
You like to eat raw meat.
You heal very quickly.
You are covered in fur (AC +1).
You have very tough skin (AC +2).


Message History

The centaur shoots an arrow.
The arrow hits you! The arrow burns you.
Found 22 stones.
You see here 2 arrows.
The centaur shoots an arrow.
The arrow hits you!
* * * LOW HITPOINT WARNING * * *
The arrow burns you.
* * * LOW HITPOINT WARNING * * *
A water moccasin skeleton comes into view.
You see here an arrow.
The centaur shoots an arrow.
The arrow hits you.
* * * LOW HITPOINT WARNING * * *
The arrow burns you.
* * * LOW HITPOINT WARNING * * *
Found a stone staircase leading down.
You see here an arrow.
The centaur unwields an uncursed shortbow of flaming.
It stops flaming.
The centaur hits you.
* * * LOW HITPOINT WARNING * * *
The centaur hits you!
You die...

.........))).......#..
#.................#.. .
#.........(.......... ..
#........(<.........#
...#.......(##...#......
..........(.............
.....#...(.......#......
........(...........###.
.......@.............. .
.......c.............. .
..................... .
...................
.>.........(Z.....
#.###.........### #
...##.....# .... ......


You could see a centaur and a water moccasin skeleton.

Vanquished Creatures
  A hill giant (D:8)
  A wyvern (D:8)
  Eustachio (D:4)
  Duvessa (D:4)
  An orc warrior (D:9)
  An ice beast (D:8)
  2 sky beasts
  An ogre (D:9)
  A centaur (D:7)
  2 big kobolds
  5 giant frogs
  Dowan (D:4)
  4 scorpions
  A water moccasin skeleton (D:7)
  A howler monkey (D:8)
  2 crimson imps (D:7)
  2 hounds
  2 giant frog zombies
  4 jellies (D:8)
  5 orc wizards
  A gnoll shaman (D:4)
  An orc priest (D:8)
  2 centaur skeletons (D:7)
  3 giant frog skeletons
  5 worker ants
  A hound skeleton (D:5)
  8 gnolls
  4 adders
  A shadow imp (D:8)
  6 oozes
  An adder skeleton (D:4)
  4 worms
  3 giant geckos
  15 orcs
  2 giant cockroaches (D:2)
  5 goblins
  10 hobgoblins
  4 jackals
  18 kobolds
  A quokka (D:8)
  6 bats
  A giant newt (D:7)
  A jackal zombie (D:9)
142 creatures vanquished.

Vanquished Creatures (others)
  A jelly (D:3)
1 creature vanquished.

Grand Total: 143 creatures vanquished

Notes
Turn   | Place    | Note
--------------------------------------------------------------
     0 | D:1      | Kenran the Troll Monk began the quest for the Orb.
     0 | D:1      | Reached XP level 1. HP: 22/22 MP: 0/0
   329 | D:1      | Reached XP level 2. HP: 29/29 MP: 1/1
   918 | D:2      | Reached skill level 5 in Unarmed Combat
   918 | D:2      | Reached XP level 3. HP: 36/36 MP: 2/2
  1340 | D:3      | Found a glowing golden altar of the Shining One.
  1362 | D:3      | Reached XP level 4. HP: 33/44 MP: 3/3
  1497 | D:3      | Reached skill level 6 in Unarmed Combat
  1505 | D:3      | Found a white marble altar of Elyvilon.
  1790 | D:3      | Found an oddly glowing altar of Pakellas.
  1790 | D:3      | Noticed an orange crystal statue
  2050 | D:4      | Found Caibrash's Assorted Antiques.
  2075 | D:4      | Noticed Duvessa
  2075 | D:4      | Noticed Dowan
  2099 | D:4      | Reached XP level 5. HP: 16/50 MP: 4/4
  2211 | D:4      | Reached skill level 7 in Unarmed Combat
  2240 | D:4      | Reached XP level 6. HP: 8/59 MP: 5/5
  2550 | D:4      | Noticed Eustachio
  2620 | D:4      | Killed Eustachio
  2636 | D:4      | Killed Dowan
  2636 | D:4      | Reached XP level 7. HP: 63/71 MP: 6/6
  3057 | D:4      | Killed Duvessa
  3157 | D:5      | Entered Level 5 of the Dungeon
  3182 | D:5      | Reached skill level 8 in Unarmed Combat
  3192 | D:5      | Found an ancient bone altar of Kikubaaqudgha.
  3207 | D:5      | You fall through a shaft for 2 floors!
  3249 | D:7      | Found a blossoming altar of Fedhas.
  3519 | D:7      | Found a sacrificial altar of Ru.
  3644 | D:7      | Reached skill level 9 in Unarmed Combat
  3647 | D:7      | Reached XP level 8. HP: 79/79 MP: 7/7
  3669 | D:7      | Reached skill level 5 in Fighting
  3684 | D:7      | Identified a scroll of acquirement
  4128 | D:8      | Noticed a hill giant
  4144 | D:8      | Killed a hill giant
  4144 | D:8      | Reached skill level 10 in Unarmed Combat
  4144 | D:8      | Reached XP level 9. HP: 18/89 MP: 8/8
  4263 | D:8      | Reached skill level 11 in Unarmed Combat
  4938 | D:9      | Found a shimmering altar of Xom.
  5193 | D:8      | Reached skill level 12 in Unarmed Combat
  5202 | D:9      | Slain by a centaur

Skill      XL: |  1  2  3  4  5  6  7  8  9 |
---------------+----------------------------+-----
Unarmed Combat | 5 6 7 9 10 12 | 12.1
Fighting       | 4 6 |  6.2
Dodging        | |  2.4
Stealth        | |  1.1

Action                   |  1- 3 |  4- 6 |  7- 9 || total
-------------------------+-------+-------+-------++-------
Melee: Unarmed           |    81 |   125 |   229 ||   435
       Punch             |     2 |     2 |    13 ||    17
  Use: Scroll            |       |    10 |     2 ||    12
       Potion            |       |     1 |       ||     1
 Stab: Sleeping          |     1 |     2 |     2 ||     5
  Eat: Chunk             |    18 |    11 |    23 ||    52
Armor: Robe              |    31 |    33 |    68 ||   132
       Skin              |       |     1 |       ||     1
Dodge: Dodged            |    36 |    58 |   110 ||   204
